 Dungeon Sprint DCSS version 0.20.0-10-g0535bb4 (webtiles) character file.

201 minicreteconcrete the Arsonist (level 5, 0/28 HPs)
             Began as a Deep Elf Fire Elementalist on June 7, 2017.
             Was a Follower of Vehumet.
             Slain by a worker ant (3 damage)
             ... in the Dungeon (Sprint IX: "|||||||||||||||||||||||||||||").
             The game lasted 00:02:52 (554 turns).

minicreteconcrete the Arsonist (DEFE)                Turns: 554, Time: 00:02:53

Health: 0/28       AC:  4    Str: 11    XL:     5   Next: 50%
Magic:  5/17       EV: 13    Int: 21    God:    Vehumet [*.....]
Gold:   0          SH:  0    Dex: 15    Spells: 18/19 levels left

rFire    . . .     SeeInvis .   a - +4 quarterstaff (speed)
rCold    . . .     Gourm    .   (shield currently unavailable)
rNeg     . . .     Faith    .   p - +0 robe
rPois    .         Spirit   .   (no helmet)
rElec    .         Reflect  .   s - +0 cloak
rCorr    .         Harm     .   (no gloves)
MR       .....     NoTele   +   r - +0 pair of boots
Stlth    ++........             (no amulet)
Regen    0.1/turn               t - +3 ring of strength
MPRegen  0.2/turn               u - +3 ring of strength

@: lethally poisoned (0 -> -4), very slightly contaminated
A: no striking features
a: Renounce Religion


You were in the Dungeon.
You worshipped Vehumet.
Vehumet was aware of your devotion.
You were not hungry.

You visited 1 branch

Inventory:

Hand Weapons
 a - a +4 quarterstaff of speed (weapon)
 o - a +2 halberd of protection
 q - the +2 scimitar of Dividends {slice, *Noise +Rage rPois Str-5}
   (You found it in the Dungeon)

   It inflicts extra damage upon your enemies.
   It affects your strength (-5).
   It protects you from poison.
   It lets you go berserk.
   It may make noises in combat.
Armour
 p - a +0 robe (worn)
 r - a +0 pair of boots (worn)
 s - a +0 cloak (worn)
Magical Staves
 b - an uncursed staff of energy
Jewellery
 t - a +3 ring of strength (left hand)
 u - a +3 ring of strength (right hand)
Wands
 m - a wand of acid (5/15)
Scrolls
 i - 2 scrolls of blinking
 k - 3 scrolls of remove curse
 l - 2 scrolls of amnesia
Potions
 d - 5 potions of curing
 e - 3 potions of heal wounds
 f - a potion of haste
 g - 4 potions of magic
 h - a potion of berserk rage
 j - a potion of invisibility
Books
 n - a book of Flames

   Spells                             Type                      Level
   a - Flame Tongue                   Conjuration/Fire             1
   b - Throw Flame                    Conjuration/Fire             2
   c - Conjure Flame                  Conjuration/Fire             3
   d - Inner Flame                    Hexes/Fire                   3
   e - Sticky Flame                   Conjuration/Fire             4
   f - Fireball                       Conjuration/Fire             5
Comestibles
 c - a bread ration


   Skills:
 - Level 2.4 Dodging
 - Level 2.4 Stealth
 - Level 3.1 Unarmed Combat
 + Level 7.7 Spellcasting
 + Level 3.8 Conjurations
 + Level 9.9 Fire Magic


You had 18 spell levels left.
You knew the following spells:

 Your Spells              Type           Power        Failure   Level  Hunger
a - Flame Tongue          Conj/Fire      #####        1%          1    None


Dungeon Overview and Level Annotations

Branches:
Dungeon (1/1)

Altars:
Cheibriados
Dithmenos
Elyvilon
Fedhas
Gozag
Hepliaklqana
Kikubaaqudgha
Makhleb
Nemelex Xobeh
Okawaru
Qazlal
Ru
Sif Muna
Trog
Uskayaw
Vehumet
Xom
Yredelemnul
Zin
The Shining One
Beogh
Jiyva
Lugonu


Message History

Vehumet accepts your kill.
Casting: Flame Tongue
Confirm with . or Enter, or press ? or * to list all spells.
Aiming: Flame Tongue
Press: ? - help, Shift-Dir - straight line, f - worker ant
Aim: a worker ant The flame tongue hits the worker ant.
The worker ant appears unharmed.
The worker ant bites you but does no damage.
Casting: Flame Tongue
Confirm with . or Enter, or press ? or * to list all spells.
Aiming: Flame Tongue
Press: ? - help, Shift-Dir - straight line, f/p - worker ant
Aim: a worker ant The flame tongue hits the worker ant.
The worker ant is heavily wounded.
The worker ant bites you!
* * * LOW HITPOINT WARNING * * *
You are lethally poisoned!
The worker ant poisons you! The worker ant bites you.
You die...

▓.▓
▓_▓
▓_▓
▓_▓
▓_▓
▓'▓
▓.▓
▓.▓
▓@▓
▓a▓
▓.▓
▓.▓
▓[▓
▓.▓
▓.▓
▓)▓
▓.▓


You could see a worker ant.

Vanquished Creatures
  A phantom (D)
  A big kobold (D)
  A worker ant (D)
  A shadow imp (D)
  An adder zombie (D)
  2 orcs (D)
  A bat skeleton (D)
  A ball python skeleton (D)
  A bat (D)
  A leopard gecko skeleton (D)
  4 rats (D)
15 creatures vanquished.

Notes
Turn   | Place    | Note
-------+----------+-------------------------------------------
     0 | D        | minicreteconcrete the Deep Elf Fire Elementalist began the quest for the Orb.
     0 | D        | Reached XP level 1. HP: 10/10 MP: 6/6
     6 | D        | Reached skill level 1 in Unarmed Combat
   260 | D        | Reached XP level 2. HP: 8/15 MP: 1/8
   275 | D        | Reached skill level 4 in Fire Magic
   303 | D        | Found a roughly hewn altar of Beogh.
   303 | D        | Found a snail-covered altar of Cheibriados.
   303 | D        | Found a shadowy altar of Dithmenos.
   303 | D        | Found a white marble altar of Elyvilon.
   303 | D        | Found a blossoming altar of Fedhas.
   303 | D        | Found an opulent altar of Gozag.
   304 | D        | Found a hazy altar of Hepliaklqana.
   305 | D        | Found a viscous altar of Jiyva.
   306 | D        | Found an ancient bone altar of Kikubaaqudgha.
   307 | D        | Found a corrupted altar of Lugonu.
   308 | D        | Found a burning altar of Makhleb.
   309 | D        | Found a sparkling altar of Nemelex Xobeh.
   310 | D        | Found an iron altar of Okawaru.
   311 | D        | Found a stormy altar of Qazlal.
   312 | D        | Found a sacrificial altar of Ru.
   313 | D        | Found a deep blue altar of Sif Muna.
   314 | D        | Found a bloodstained altar of Trog.
   315 | D        | Found a hide-covered altar of Uskayaw.
   316 | D        | Found a radiant altar of Vehumet.
   318 | D        | Found a shimmering altar of Xom.
   319 | D        | Found a basalt altar of Yredelemnul.
   320 | D        | Found a glowing silver altar of Zin.
   321 | D        | Found a glowing golden altar of the Shining One.
   324 | D        | Became a worshipper of Vehumet
   340 | D        | Got the +2 scimitar of Dividends {slice, *Noise +Rage rPois Str-5}
   530 | D        | Noticed a phantom
   530 | D        | Noticed a big kobold
   533 | D        | Killed a big kobold
   533 | D        | Reached skill level 5 in Spellcasting
   533 | D        | Reached skill level 7 in Fire Magic
   533 | D        | Reached XP level 3. HP: 9/19 MP: 9/12
   533 | D        | Reached XP level 4. HP: 11/24 MP: 9/13
   537 | D        | Reached * piety under Vehumet
   537 | D        | Offered knowledge of Freeze by Vehumet.
   537 | D        | Reached skill level 8 in Fire Magic
   546 | D        | Killed a phantom
   546 | D        | Reached skill level 9 in Fire Magic
   546 | D        | Reached XP level 5. HP: 12/28 MP: 5/17
   554 | D        | Slain by a worker ant

Skill      XL: |  1  2  3  4 |
---------------+-------------+-----
Unarmed Combat | 3 |  3.1
Fire Magic     | 7 9 |  9.9
Spellcasting   | 5 7 |  7.7
Conjurations   | 2 3 |  3.8
Dodging        | |  2.4
Stealth        | |  2.4

Action                   |  1- 3 |  4- 6 || total
-------------------------+-------+-------++-------
Melee: Unarmed           |    29 |       ||    29
       Quarterstaff      |       |     7 ||     7
 Cast: Flame Tongue      |    15 |     6 ||    21
Evoke: Wand              |     1 |     1 ||     2
Armor: Robe              |    11 |     2 ||    13
Dodge: Dodged            |    34 |     4 ||    38
